 Dungeon Crawl Stone Soup version 0.29.0-4-gdea44cf6ec (webtiles) character file.

Game seed: 2859438111717673723

335 themarg the Insei (level 6, -2/47 HPs)
             Began as a Gnoll Transmuter on Aug 26, 2022.
             Slain by a kobold brigand
             ... wielding a +0 club
              (5 damage)
             ... on level 5 of the Dungeon.
             The game lasted 00:13:20 (4064 turns).

themarg the Insei (Gnoll Transmuter)                Turns: 4064, Time: 00:13:21

Health: -2/47      AC:  2    Str:  9    XL:     6   Next: 53%
Magic:  12/14      EV: 22    Int: 15    God:
Gold:   246        SH:  0    Dex: 17    Spells: 9/15 levels left

rFire   . . .      SeeInvis .     - Unarmed
rCold   . . .      Faith    .   (shield currently unavailable)
rNeg    . . .      Spirit   .   (body armour currently unavailable)
rPois   x          Reflect  .   (helmet currently unavailable)
rElec   .          Harm     .   (cloak currently unavailable)
rCorr   +          Rampage  .   (gloves currently unavailable)
Will    .....                   (boots currently unavailable)
Stlth   ++........              j - amulet of magic regeneration
HPRegen 0.15/turn               h - ring of resist corrosion
MPRegen 0.54/turn               (no ring)

@: spider-form, wereblooded
A: venomous fangs, tiny, (fangs 1), strong nose, distributed training
a: End Transformation


You were on level 5 of the Dungeon.
You were a venomous arachnid creature.
You visited 1 branch of the dungeon, and saw 5 of its levels.

You collected 246 gold pieces.

Inventory:

Hand Weapons
 c - a +0 spear (melded)
Armour
 a - a +0 robe (melded)
 d - a +0 pair of boots (melded)
 i - a +0 helmet (melded)
Jewellery
 h - a ring of resist corrosion (left front leg)
 j - an amulet of magic regeneration (around neck)
 u - an amulet of guardian spirit
Scrolls
 e - 3 scrolls of identify {unknown}
 g - 2 scrolls of enchant weapon {unknown}
 k - a scroll of poison {unknown}
 o - 2 scrolls of teleportation {unknown}
 p - 2 scrolls of blinking {unknown}
 q - a scroll of amnesia {unknown}
 r - 2 scrolls of torment {unknown}
 s - a scroll of acquirement {unknown}
Potions
 b - a potion of lignification
 f - a potion of brilliance {unknown}
 l - a potion of curing {unknown}
 m - a potion of resistance {unknown}
 n - a potion of ambrosia {unknown}
 t - a potion of heal wounds {unknown}
 v - a potion of cancellation {unknown}
 w - a potion of mutation {unknown}
 x - a potion of might {unknown}


   Skills:
 + Level 3.3 Fighting
 + Level 2.1 Short Blades
 + Level 2.1 Long Blades
 + Level 2.1 Axes
 + Level 2.1 Maces & Flails
 + Level 2.1 Polearms
 + Level 2.1 Staves
 + Level 2.1 Ranged Weapons
 + Level 2.1 Throwing
 + Level 2.1 Armour
 + Level 5.0 Dodging
 + Level 2.1 Stealth
 + Level 2.1 Shields
 + Level 6.9 Unarmed Combat
 + Level 5.4 Spellcasting
 + Level 1.6 Conjurations
 + Level 1.6 Hexes
 + Level 1.6 Summonings
 + Level 1.6 Necromancy
 + Level 1.6 Translocations
 + Level 4.1 Transmutations
 + Level 1.6 Fire Magic
 + Level 1.6 Ice Magic
 + Level 1.6 Air Magic
 + Level 1.6 Earth Magic
 + Level 1.6 Poison Magic
 + Level 2.3 Invocations
 + Level 2.1 Evocations


You had 9 spell levels left.
You knew the following spells:

 Your Spells              Type           Power      Damage    Failure   Level
a - Beastly Appendage     Tmut           32%        N/A       10%         1
b - Wereblood             Tmut           16%        N/A       13%         2
c - Spider Form           Tmut/Pois      12%        N/A       32%         3

Your spell library contained the following spells:

 Spells                   Type           Power      Damage    Failure   Level
 Ice Form                 Ice/Tmut       12%        N/A       65%         4


Dungeon Overview and Level Annotations

Branches:
Dungeon (5/15)
 Temple: D:4-7

Altars:
Dithmenos
Elyvilon
Makhleb
Vehumet
Xom
The Shining One


Innate Abilities, Weirdness & Mutations

You are a venomous arachnid creature.
You have poisonous fangs.
You are tiny and dextrous.
Your spellcasting is less reliable in this form.
Your armour is entirely melded.
You are incapable of wielding weapons or throwing items.
((You have very sharp teeth.))
Your uncanny sense of smell can sniff out nearby items.
Your experience applies equally to all skills.


Message History

Confirm with . or Enter, or press ? or * to list all spells.
Your blood is freshly infused with primal strength!
You feel very sick. The kobold brigand closely misses you.
The kobold brigand barely misses you.
Casting: Wereblood (safe; 4% risk of failure)
Confirm with . or Enter, or press ? or * to list all spells.
You miscast Spider Form.
You are very lightly contaminated with residual magic.
Nothing appears to happen.
You feel sick. The kobold brigand closely misses you.
You miss the kobold brigand.
You feel sick. The kobold barely misses you.
The kobold brigand hits you with a +0 club. x2
* * * LOW HITPOINT WARNING * * *
The kobold closely misses you.
Okay, then.
You feel sick.
The kobold brigand throws a curare-tipped dart.
The curare-tipped dart barely misses you.
The kobold attacks as you move away! The kobold hits you with a +0 dagger.
* * * LOW HITPOINT WARNING * * *
You feel sick.
You feel sick.
You are no longer poisoned.
Your magical contamination has completely faded away.
The kobold brigand hits you with a +0 club!
* * * LOW HITPOINT WARNING * * *
The kobold barely misses you.
Items here: )))) †.
Casting: Spider Form (dangerous; 14% risk of failure)
Confirm with . or Enter, or press ? or * to list all spells.
You turn into a venomous arachnid creature.
Your +0 spear melds into your body.
Your +0 helmet melds into your body.
Your +0 pair of boots melds into your body.
Your +0 robe melds into your body.
You feel yourself speed up. The kobold brigand misses you.
The kobold completely misses you.
You hit the kobold brigand.
The kobold brigand is poisoned.
The kobold brigand is lightly wounded.
The kobold brigand hits you with a +0 club.
You die...

#.#####.#.###.#.#
#.# #.#.# #.# #..
..#.# # #.# ###
####.###.#.#
....~~~...###
~~~~~~~~...# ###
~~~≈~~~~#.##
....###≈≈≈####..#
......#####.Ks..#
#...))...K...#
###.)...######
#######


You could see a kobold brigand (very poisoned) and a kobold.

Vanquished Creatures
  An ogre (D:4)
  A crimson imp (D:4)
  2 hounds
  3 adders (D:3)
  3 worms
  A dart slug (D:2)
  10 orcs
  11 ball pythons
  7 endoplasms
  3 giant cockroaches
  10 goblins
  10 hobgoblins
  3 jackals (D:1)
  20 kobolds
  3 quokkas
  5 bats
  4 frilled lizards
  8 rats
105 creatures vanquished.

Vanquished Creatures (others)
  2 plants (D:3)
2 creatures vanquished.

Grand Total: 107 creatures vanquished

Notes
Turn   | Place    | Note
-------+----------+-------------------------------------------
     0 | D:1      | themarg the Gnoll Transmuter began the quest for the Orb.
     0 | D:1      | Reached XP level 1. HP: 17/17 MP: 6/6
   165 | D:1      | Reached XP level 2. HP: 18/23 MP: 5/7
   339 | D:1      | Found a faded altar of an unknown god.
   473 | D:1      | Reached skill level 5 in Spellcasting
   473 | D:1      | Reached XP level 3. HP: 16/28 MP: 6/9
   695 | D:1      | Learned a level 2 spell: Wereblood
   699 | D:1      | Learned a level 3 spell: Spider Form
   742 | D:1      | Reached skill level 1 in Invocations
  1109 | D:2      | Reached skill level 1 in Short Blades
  1109 | D:2      | Reached skill level 1 in Long Blades
  1109 | D:2      | Reached skill level 1 in Axes
  1109 | D:2      | Reached skill level 1 in Maces & Flails
  1109 | D:2      | Reached skill level 1 in Polearms
  1109 | D:2      | Reached skill level 1 in Staves
  1109 | D:2      | Reached skill level 1 in Ranged Weapons
  1109 | D:2      | Reached skill level 1 in Throwing
  1109 | D:2      | Reached skill level 1 in Armour
  1109 | D:2      | Reached skill level 1 in Stealth
  1109 | D:2      | Reached skill level 1 in Shields
  1109 | D:2      | Reached skill level 1 in Evocations
  1245 | D:2      | Reached XP level 4. HP: 31/34 MP: 9/11
  1392 | D:2      | Reached skill level 1 in Conjurations
  1392 | D:2      | Reached skill level 1 in Hexes
  1392 | D:2      | Reached skill level 1 in Summonings
  1392 | D:2      | Reached skill level 1 in Necromancy
  1392 | D:2      | Reached skill level 1 in Translocations
  1392 | D:2      | Reached skill level 1 in Fire Magic
  1392 | D:2      | Reached skill level 1 in Ice Magic
  1392 | D:2      | Reached skill level 1 in Air Magic
  1392 | D:2      | Reached skill level 1 in Earth Magic
  1392 | D:2      | Reached skill level 1 in Poison Magic
  1586 | D:2      | Found a glowing golden altar of the Shining One.
  2058 | D:3      | Found a white marble altar of Elyvilon.
  2062 | D:3      | Reached XP level 5. HP: 40/40 MP: 12/12
  2690 | D:4      | Noticed an ogre
  2707 | D:4      | Killed an ogre
  2708 | D:4      | Reached XP level 6. HP: 37/47 MP: 14/14
  3250 | D:4      | Reached skill level 5 in Dodging
  3322 | D:4      | Found a shimmering altar of Xom.
  3483 | D:4      | Found a radiant altar of Vehumet.
  3483 | D:4      | Found a burning altar of Makhleb.
  3822 | D:4      | Found a shadowy altar of Dithmenos.
  3994 | D:5      | Entered Level 5 of the Dungeon
  4062 | D:5      | HP: 2/47 [kobold brigand/+0 club (7)]
  4064 | D:5      | Slain by a kobold brigand

Illustrated notes

Levels and vault maps discovered:
D:1:      zaba_arrival_water, layout_basic, hellmonk_ecumenical_altar_blasted,
          serial_bayou_ford_a, minmay_cupped
D:2:      layout_loops_ring, basic_altar, minmay_pentomino_t2
D:3:      layout_rooms, nicolae_elyvilon_temple_path, grunt_ministairs_11
D:4:      layout_layer_cave, grunt_temple_overflow_lords_of_destruction,
          kennysheep_little_box, mainiacjoe_overflow_24_doors
D:5:      cheibrodos_thug_alley, layout_basic, okawaru_altar_gauntlet_db

Skill      XL: |  1  2  3  4  5  6 |
---------------+-------------------+-----
Spellcasting   | 5 |  5.4
Invocations    | 1 2 |  2.3
Short Blades   | 1 2 |  2.1
Long Blades    | 1 2 |  2.1
Axes           | 1 2 |  2.1
Maces & Flails | 1 2 |  2.1
Polearms       | 1 2 |  2.1
Staves         | 1 2 |  2.1
Ranged Weapons | 1 2 |  2.1
Throwing       | 1 2 |  2.1
Armour         | 1 2 |  2.1
Stealth        | 1 2 |  2.1
Shields        | 1 2 |  2.1
Evocations     | 1 2 |  2.1
Conjurations   | 1 |  1.6
Hexes          | 1 |  1.6
Summonings     | 1 |  1.6
Necromancy     | 1 |  1.6
Translocations | 1 |  1.6
Fire Magic     | 1 |  1.6
Ice Magic      | 1 |  1.6
Air Magic      | 1 |  1.6
Earth Magic    | 1 |  1.6
Poison Magic   | 1 |  1.6
Fighting       | 3 |  3.3
Transmutations | 4 |  4.1
Dodging        | 5 |  5.0
Unarmed Combat | |  6.9

Action                   |  1- 3 |  4- 6 || total
-------------------------+-------+-------++-------
Melee: Spear             |    92 |    74 ||   166
       Kick              |    21 |     9 ||    30
       Unarmed           |     4 |    81 ||    85
       Headbutt          |    10 |     8 ||    18
       Bite              |     7 |       ||     7
       Punch             |     4 |     3 ||     7
 Cast: Beastly Appendage |    20 |    14 ||    34
       Wereblood         |     2 |     3 ||     5
       Spider Form       |       |    16 ||    16
 Stab: Sleeping          |     2 |       ||     2
Armor: Robe              |    13 |    14 ||    27
       Skin              |       |    11 ||    11
Dodge: Dodged            |    59 |   130 ||   189
